 Dungeon Crawl Stone Soup version 0.21.0-3-g78d12a8 (webtiles) character file.

822 MDvedh the Spear-Bearer (level 7, 0/50 HPs)
             Began as a Merfolk Skald on Jan 8, 2018.
             Slain by an orc wizard
             ... wielding a +0 dagger
              (4 damage)
             ... on level 5 of the Dungeon.
             The game lasted 00:10:33 (6243 turns).

MDvedh the Spear-Bearer (Merfolk Skald)             Turns: 6243, Time: 00:10:34

Health: 0/50       AC:  5    Str: 11    XL:     7   Next: 95%
Magic:  9/10       EV: 11    Int: 14    God:
Gold:   303        SH:  0    Dex: 15    Spells: 7/10 levels left

rFire    . . .     SeeInvis .   v - +1 trident
rCold    . . .     Gourm    .   (no shield)
rNeg     . . .     Faith    .   g - +0 ring mail {rPois}
rPois    +         Spirit   .   (no helmet)
rElec    .         Reflect  .   (no cloak)
rCorr    .         Harm     .   (no gloves)
MR       .....                  (no boots)
Stlth    +.........             (no amulet)
HPRegen  0.16/turn              q - -3 ring of intelligence (curse)
MPRegen  0.12/turn              n - +4 ring of intelligence

@: infused
A: change form in water, swift swim, stealthy swim
a: no special abilities


You were on level 5 of the Dungeon.
You were hungry.

You visited 1 branch of the dungeon, and saw 5 of its levels.

You collected 303 gold pieces.

Inventory:

Hand Weapons
 v - a +1 trident (weapon)
Armour
 g - a +0 ring mail of poison resistance (worn)
Jewellery
 k - an uncursed ring of magical power
 n - a +4 ring of intelligence (right hand)
 q - a cursed -3 ring of intelligence (left hand)
Scrolls
 e - 4 scrolls of identify
 f - a scroll of enchant weapon
 h - 5 scrolls of teleportation
 i - 2 scrolls of amnesia {unknown}
 j - a scroll of noise {unknown}
 r - 2 scrolls of fear {unknown}
 t - a scroll of remove curse {unknown}
 u - a scroll of enchant armour {unknown}
 w - a scroll of immolation {unknown}
 y - a scroll of magic mapping {unknown}
Potions
 a - a potion of invisibility {unknown}
 b - 4 potions of curing
 l - a potion of resistance {unknown}
 m - 2 potions of brilliance {unknown}
 p - 3 potions of agility {unknown}
 s - a potion of ambrosia {unknown}
 x - a potion of cancellation {unknown}
Books
 c - a book of Battle

   Spells                             Type                      Level
   a - Infusion                       Charms                       1
   b - Shroud of Golubria             Charms/Translocation         2
   c - Song of Slaying                Charms                       2
   d - Spectral Weapon                Hexes/Charms                 3
   e - Regeneration                   Charms/Necromancy            3
 o - a book of Changes

   Spells                             Type                      Level
   a - Beastly Appendage              Transmutation                1
   b - Sticks to Snakes               Transmutation                2
   c - Spider Form                    Transmutation/Poison         3
   d - Ice Form                       Ice/Transmutation            4
   e - Blade Hands                    Transmutation                5
Comestibles
 d - 13 rations


   Skills:
 - Level 2.1 Fighting
 + Level 12.2 Polearms
 - Level 0.6 Armour
 - Level 2.6 Dodging
 - Level 2.0 Spellcasting
 - Level 3.2 Charms


You had 7 spell levels left.
You knew the following spells:

 Your Spells              Type           Power        Failure   Level  Hunger
a - Infusion              Chrm           ##..         16%         1    ##.....
b - Song of Slaying       Chrm           ##......     22%         2    ###....


Dungeon Overview and Level Annotations

Branches:
Dungeon (5/15)
 Temple: D:4-7

Altars:

Annotations:
D:3 Fingolfin's ghost, amateur NaWz


Message History

The orc warrior hits you with a mace!
You closely miss the orc warrior.
The orc warrior is moderately wounded.
You hit the orc warrior.
The orc warrior is moderately wounded.
The orc warrior hits you with a mace!
You hit the orc warrior but do no damage.
The orc warrior is moderately wounded.
The orc warrior hits you with a mace!!
* * * LOW HITPOINT WARNING * * *
You are too injured to fight recklessly!
You are too injured to fight recklessly!
You are too injured to fight recklessly!
There is a stone staircase leading down here.
A puff of flame appears from out of thin air!
The puff of flame hits you!
* * * LOW HITPOINT WARNING * * *
Found a flail.
Something hits you.
You die...

#............####
#..# #..#.#..#
#..# #..[....#
#..###..#.#..#
#..>.........#
##.##.####.##.#
##o..#..###.##.#
#..#........##..
#.@..##.##..# ###
#.#.###)# ..#
#.#<).... #
#.#####... #.
#!.## #. ...# #.
#..# #. #...


You could see an orc warrior.

Vanquished Creatures
  2 ogres (D:4)
  A centaur (D:3)
  Blork the orc (D:5)
  A scorpion (D:3)
  A howler monkey (D:4)
  A hound (D:4)
  A jelly (D:5)
  3 orc wizards (D:4)
  Natasha (twice) (D:3)
  2 worker ants (D:4)
  7 adders
  An ooze (D:4)
  An adder skeleton (D:5)
  3 worms
  A dart slug (D:2)
  4 leopard geckos
  16 orcs
  A ball python (D:4)
  6 bats
  4 giant cockroaches
  5 goblins
  9 hobgoblins
  9 jackals
  5 kobolds
  2 quokkas
  5 frilled lizards
  A jackal skeleton (D:4)
  11 rats
106 creatures vanquished.

Notes
Turn   | Place    | Note
-------+----------+-------------------------------------------
     0 | D:1      | MDvedh the Merfolk Skald began the quest for the Orb.
     0 | D:1      | Reached XP level 1. HP: 16/16 MP: 3/3
    74 | D:1      | Reached skill level 4 in Polearms
    74 | D:1      | Reached XP level 2. HP: 22/22 MP: 5/5
   154 | D:1      | Learned a level 2 spell: Song of Slaying
   370 | D:1      | Reached skill level 5 in Polearms
   370 | D:1      | Reached XP level 3. HP: 22/27 MP: 6/6
  1211 | D:2      | Reached skill level 6 in Polearms
  1285 | D:2      | Reached XP level 4. HP: 22/33 MP: 7/7
  2044 | D:3      | Noticed a centaur
  2057 | D:3      | Killed a centaur
  2057 | D:3      | Reached skill level 7 in Polearms
  2057 | D:3      | Reached XP level 5. HP: 22/38 MP: 8/8
  2221 | D:3      | Reached skill level 8 in Polearms
  2513 | D:3      | Noticed Natasha
  2524 | D:3      | Killed Natasha
  2808 | D:3      | Noticed Fingolfin's ghost (amateur NaWz)
  4100 | D:4      | Reached XP level 6. HP: 20/44 MP: 9/9
  4286 | D:3      | Reached skill level 9 in Polearms
  4652 | D:3      | Noticed Natasha
  4664 | D:3      | Killed Natasha
  4790 | D:4      | Reached skill level 10 in Polearms
  4933 | D:4      | Reached XP level 7. HP: 45/50 MP: 10/10
  5117 | D:4      | Reached skill level 11 in Polearms
  5868 | D:5      | Entered Level 5 of the Dungeon
  5901 | D:5      | Noticed Blork the orc
  5969 | D:5      | Killed Blork the orc
  5969 | D:5      | Reached skill level 12 in Polearms
  6243 | D:5      | Slain by an orc wizard

Skill      XL: |  1  2  3  4  5  6  7 |
---------------+----------------------+-----
Polearms       | 4 5 6 7 8 10 12 | 12.2
Fighting       | |  2.1
Armour         | |  0.6
Dodging        | |  2.6
Spellcasting   | |  2.0
Charms         | |  3.2

Action                   |  1- 3 |  4- 6 |  7- 9 || total
-------------------------+-------+-------+-------++-------
Melee: Spear             |   189 |   293 |    93 ||   575
       Trident           |       |       |    66 ||    66
 Cast: Infusion          |       |     2 |     3 ||     5
       Song of Slaying   |       |       |     1 ||     1
  Use: Scroll            |       |       |     3 ||     3
 Stab: Sleeping          |     1 |       |       ||     1
       Distracted        |     1 |       |       ||     1
  Eat: Chunk             |     1 |     7 |     2 ||    10
       Ration            |       |     2 |       ||     2
Armor: Leather armour    |     4 |       |       ||     4
       Ring mail         |    36 |    58 |    17 ||   111
Dodge: Dodged            |    82 |    94 |    43 ||   219
